 Dungeon Crawl Stone Soup version 0.31-a0-210-gccc998df9b (webtiles) character file.

Game seed: 1565427451929588271

882 qw the Chopper (level 8, -3/48 HPs)
             Began as a Gargoyle Fighter on June 29, 2023.
             Killed from afar by Dowan (11 damage)
             ... with a shard of ice
             ... on level 5 of the Dungeon.
             The game lasted 00:02:08 (4224 turns).

qw the Chopper (Gargoyle Fighter)                   Turns: 4224, Time: 00:02:09

Health: -3/48      AC: 19    Str: 22    XL:     8   Next: 5%
Magic:  8/8        EV:  7    Int:  9    God:
Gold:   314        SH: 14    Dex:  9    Spells: 7/7 levels left

rFire   . . .        Y - +0 war axe
rCold   . . .        r - +0 kite shield
rNeg    + . .        p - +0 chain mail
rPois   inf          g - +0 helmet
rElec   +            n - +2 cloak
rCorr   .            (no gloves)
SInv    .            (no boots)
Will    .....        j - amulet of reflection Stlth
                     (no ring)
HPRegen 0.28/turn    (no ring)
MPRegen 0.11/turn

%: reflection
@: lit by a corona, glowing
A: sickness immunity, AC +5, negative energy resistance 1, electricity
resistance, torment resistance 1, petrification resistance
a: no special abilities


You were on level 5 of the Dungeon.
You visited 2 branches of the dungeon, and saw 6 of its levels.

You collected 314 gold pieces.


Innate Abilities, Weirdness & Mutations

You are immune to sickness and miasma.
Your stone body is resilient. (AC +5)
You are immune to poison.
You resist negative energy. (rN+)
You are resistant to electric shocks. (rElec)
You are resistant to unholy torment.
You are immune to petrification.


   Skills:
 - Level 4.1 Fighting
 + Level 6.4 Axes
 - Level 3.2 Armour
 - Level 1.1 Dodging
 - Level 6.2 Shields


You had 7 spell levels left.
You didn't know any spells.
Your spell library was empty.

Inventory:

Hand Weapons
 e - a +6 flail
 Y - a +0 war axe (weapon)
Armour
 g - a +0 helmet (worn)
 h - a +2 ring mail of cold resistance
 n - a +2 cloak (worn)
 p - a +0 chain mail (worn)
 r - a +0 kite shield (worn)
Jewellery
 j - an amulet of reflection (around neck)
Wands
 b - a wand of digging (5)
Scrolls
 a - a scroll of identify
Potions
 d - 3 potions of might
 f - a potion of magic
 i - a potion of resistance {unknown}
 k - 2 potions of curing
 l - a potion of attraction {unknown}
 o - a potion of mutation {unknown}
 q - a potion of cancellation {unknown}
 s - a potion of brilliance {unknown}

Dungeon Overview and Level Annotations

Branches:
Dungeon (5/15)             Temple (1/1) D:4

Altars:
Dithmenos
Elyvilon
Fedhas
Hepliaklqana
Kikubaaqudgha
Nemelex Xobeh
Qazlal
Ru
Trog
Uskayaw
Yredelemnul
The Shining One

Shops:
D:1 *   D:4 (

Annotations:
D:5 Dowan


Message History

You hit the gnoll. The gnoll hits you but does no damage.
You block Dowan's attack. The gnoll hits you but does no damage.
You block Dowan's attack.
You closely miss Dowan.
Dowan is moderately wounded.
You closely miss the gnoll. Dowan hits you but does no damage.
You block the gnoll's attack. You block Dowan's attack.
You closely miss Dowan.
Dowan is moderately wounded.
You closely miss the gnoll. Dowan hits you but does no damage.
You block the gnoll's attack.
You miss Dowan.
Dowan is moderately wounded.
You barely miss the gnoll. Dowan hits you with a +0 dagger.
The gnoll hits you but does no damage. You block Dowan's attack.
You hit Dowan but do no damage.
Dowan is moderately wounded.
You hit the gnoll. Dowan closely misses you. The gnoll closely misses you.
You block Dowan's attack. You block the gnoll's attack.
You barely miss the gnoll.
The gnoll is severely wounded.
You slash Dowan! Dowan barely misses you. You block Dowan's attack.
The gnoll hits you with a +0 spear.
You completely miss Dowan.
Dowan is severely wounded.
You hit the gnoll but do no damage. You block Dowan's attack.
The gnoll hits you with a +0 spear. You block Dowan's attack.
You completely miss Dowan.
Dowan is severely wounded.
You hit the gnoll.
You kill the gnoll!
Dowan hits you but does no damage. Dowan gestures at you while chanting.
The shard of ice hits you!
You die...

~.~ #..#... .... .(. >..
. .... ...(.. ... ...
..... ....## ##..
#.#.####..#... ....# ...
............. .....
#...##)e........ .....
#......@###..#.# ##.....
.......).....#.# .......
#......))....#.# #.###.#
#............#.###.###)#
#..#)...................
#. #.........#.###.###.#
# ...........#.# #.# #.#
.............## #.# #..
#.#########..# #.# #.#


You could see Dowan (fast).

Vanquished Creatures
  Duvessa (D:5)
  A water moccasin (D:3)
  Edmund (D:4)
  A centaur (D:5)
  A scorpion (D:5)
  A jelly (D:4)
  A gnoll bouda (D:5)
  An orc priest (D:4)
  Ijyb (D:3)
  3 iguanas
  An orc wizard (D:4)
  Robin (D:2)
  5 adders
  6 gnolls
  2 ufetubi
  3 dart slugs
  2 worms (D:2)
  4 orcs (D:4)
  9 endoplasms
  2 giant cockroaches
  17 goblins
  10 hobgoblins
  3 jackals (D:3)
  4 quokkas
  5 ball pythons
  7 bats
  6 frilled lizards
  6 kobolds
  6 rats
111 creatures vanquished.

Notes
Turn   | Place    | Note
-------+----------+-------------------------------------------
     0 | D:1      | qw the Gargoyle Fighter began the quest for the Orb.
     0 | D:1      | Reached XP level 1. HP: 14/14 MP: 1/1
     0 | D:1      | 0 ||| qw: Version: 0.3-a-24-ga2abf7b
     0 | D:1      | 0 ||| qw: Game counter: 6805
     0 | D:1      | 0 ||| qw: Melee chars always use a shield: true
     0 | D:1      | 0 ||| qw: God list: Okawaru
     0 | D:1      | 0 ||| qw: Allow faded altars: false
     0 | D:1      | 0 ||| qw: Do Orc after clearing Dungeon:15 true
     0 | D:1      | 0 ||| qw: Do second Lair branch before Depths: true
     0 | D:1      | 0 ||| qw: Lair rune preference: random
     0 | D:1      | 0 ||| qw: Goals: Normal, Zot:1-4, Slime:5, God:TSO, Crypt,
                  | Tomb, Abyss, Pan, Hells, Win
     0 | D:1      | 0 ||| PLANNING D:1-11
    27 | D:1      | Found Hasan's General Store.
    46 | D:1      | 46 ||| SHOPLISTING +0 club (10 gold, have 0).
    46 | D:1      | 46 ||| SHOPLISTING +1 flail of protection (112 gold, have
                  | 0).
    46 | D:1      | 46 ||| SHOPLISTING +1 hat (110 gold, have 0).
    46 | D:1      | 46 ||| SHOPLISTING scroll of teleportation (30 gold, have
                  | 0).
    64 | D:1      | Reached XP level 2. HP: 19/19 MP: 2/2
    69 | D:1      | 69 ||| Stepping ~*~*~tactically~*~*~ (hiding).
   117 | D:1      | 117 ||| Stepping ~*~*~tactically~*~*~ (stealth).
   233 | D:1      | Reached skill level 3 in Axes
   237 | D:1      | Reached XP level 3. HP: 20/23 MP: 3/3
   273 | D:1      | 273 ||| Stepping ~*~*~tactically~*~*~ (hiding).
   276 | D:1      | 276 ||| Stepping ~*~*~tactically~*~*~ (hiding).
   829 | D:1      | 829 ||| UPGRADING to +2 ring mail of cold resistance.
   839 | D:1      | 839 ||| DROPPING +0 scale mail.
   840 | D:1      | 840 ||| READING 3 scrolls labelled MIZUTHR JYIBOARCH.
   841 | D:1      | 841 ||| READING 2 scrolls of identify.
   841 | D:1      | 841 ||| IDENTIFYING orange potion
  1061 | D:2      | Reached XP level 4. HP: 28/28 MP: 4/4
  1118 | D:2      | Noticed Robin
  1128 | D:2      | Killed Robin
  1240 | D:2      | 1240 ||| Stepping ~*~*~tactically~*~*~ (stealth).
  1621 | D:2      | 1621 ||| UPGRADING to +0 helmet.
  1626 | D:2      | 1626 ||| READING 2 scrolls labelled DUFRITS HEDOTT.
  1627 | D:2      | 1627 ||| DRINKING 2 sapphire potions.
  1628 | D:2      | 1628 ||| DROPPING scroll of noise.
  1638 | D:2      | 1638 ||| UPGRADING to amulet of reflection.
  1815 | D:3      | Noticed Ijyb
  1816 | D:3      | 1816 ||| Stepping ~*~*~tactically~*~*~ (stealth).
  1823 | D:3      | 1823 ||| Stepping ~*~*~tactically~*~*~ (stealth).
  1829 | D:3      | 1829 ||| Stepping ~*~*~tactically~*~*~ (hiding).
  1844 | D:3      | Killed Ijyb
  1845 | D:3      | Reached XP level 5. HP: 12/32 MP: 5/5
  1933 | D:3      | Found a faded altar of an unknown god.
  2031 | D:3      | Found a basalt altar of Yredelemnul.
  2038 | D:3      | Found a sacrificial altar of Ru.
  2129 | D:3      | Noticed a water moccasin
  2140 | D:3      | Killed a water moccasin
  2141 | D:3      | Reached XP level 6. HP: 28/37 MP: 6/6
  2473 | D:3      | 2473 ||| UPGRADING to +2 cloak.
  2478 | D:3      | 2478 ||| DROPPING +6 ring of intelligence.
  2479 | D:3      | 2479 ||| READING scroll labelled ONONNEOWUUTH.
  2480 | D:3      | 2480 ||| READING scroll labelled DOAPLEMIJO.
  2485 | D:3      | 2485 ||| READING scroll labelled DOPTUNTECH.
  2553 | D:4      | Reached skill level 1 in Dodging
  2671 | D:4      | 2671 ||| Stepping ~*~*~tactically~*~*~ (stealth).
  2721 | D:4      | 2721 ||| DROPPING +0 whip.
  2740 | D:4      | 2740 ||| Stepping ~*~*~tactically~*~*~ (stealth).
  2742 | D:4      | 2742 ||| Stepping ~*~*~tactically~*~*~ (stealth).
  2748 | D:4      | 2748 ||| Stepping ~*~*~tactically~*~*~ (hiding).
  2749 | D:4      | 2749 ||| Stepping ~*~*~tactically~*~*~ (hiding).
  2750 | D:4      | 2750 ||| Stepping ~*~*~tactically~*~*~ (hiding).
  2781 | D:4      | 2781 ||| Stepping ~*~*~tactically~*~*~ (stealth).
  2782 | D:4      | 2782 ||| FLEEEEING.
  2812 | D:4      | 2812 ||| Stepping ~*~*~tactically~*~*~ (stealth).
  2882 | D:4      | 2882 ||| Stepping ~*~*~tactically~*~*~ (stealth).
  2893 | D:4      | Found a staircase to the Ecumenical Temple.
  2894 | D:4      | 2894 ||| PLANNING TEMPLE
  2901 | Temple   | Entered the Ecumenical Temple
  3114 | Temple   | 3114 ||| PLANNING D:1-11
  3161 | D:4      | Found Byraeqei's Weapon Shoppe.
  3272 | D:4      | Identified the +7 rapier of Trauma {flame, +Blink}
  3553 | D:4      | Reached skill level 6 in Axes
  3575 | D:4      | Noticed Edmund
  3592 | D:4      | HP: 1/38 [Edmund/+6 flail (12)]
  3593 | D:4      | 3593 ||| READING scroll of teleportation.
  3594 | D:4      | Killed Edmund
  3595 | D:4      | Reached XP level 7. HP: 2/43 MP: 7/7
  3778 | D:4      | Found a hazy altar of Hepliaklqana.
  3779 | D:4      | 3779 ||| DROPPING +0 mace.
  3780 | D:4      | Found a faded altar of an unknown god.
  3840 | D:4      | 3840 ||| UPGRADING to +0 chain mail.
  3850 | D:4      | 3850 ||| UPGRADING to +0 kite shield.
  3860 | D:4      | 3860 ||| DROPPING +0 buckler.
  3892 | D:5      | Entered Level 5 of the Dungeon
  3936 | D:5      | 3936 ||| Stepping ~*~*~tactically~*~*~ (stealth).
  3938 | D:5      | 3938 ||| Stepping ~*~*~tactically~*~*~ (stealth).
  3947 | D:5      | 3947 ||| Stepping ~*~*~tactically~*~*~ (stealth).
  3950 | D:5      | 3950 ||| Stepping ~*~*~tactically~*~*~ (hiding).
  3951 | D:5      | 3951 ||| Stepping ~*~*~tactically~*~*~ (hiding).
  3958 | D:5      | 3958 ||| Stepping ~*~*~tactically~*~*~ (stealth).
  4196 | D:5      | Noticed Dowan
  4197 | D:5      | Noticed Duvessa
  4205 | D:5      | HP: 10/43 [gnoll/+0 spear[a gnoll bouda] (1)]
  4214 | D:5      | Killed Duvessa
  4215 | D:5      | Reached skill level 6 in Shields
  4215 | D:5      | Reached XP level 8. HP: 12/48 MP: 8/8
  4215 | D:5      | HP: 10/48 [Dowan/+0 dagger (2)]
  4220 | D:5      | HP: 10/48 [Dowan/+0 dagger (2)]
  4224 | D:5      | Killed from afar by Dowan

Levels and vault maps discovered:
D:1:      onia_arrival_mini_spirals, layout_basic, serial_shops, shop,
          hex_medium, minmay_tree_intersection
D:2:      layout_basic, uniq_robin
D:3:      layout_loops_ring, amethyst_overflow_temple_binary,
          basic_ecumenical_altar, uniq_ijyb
D:4:      layout_loops_ring, beargit_hepliaklqana_dungeon_heroes,
          minmay_temple_entry_junction, serial_shops, shop
D:5:      layout_basic, slow_altar_2, mainiacjoe_overflow_brackets, uniq_duvessa
Temple:   jpeg_temple_island

Skill      XL: |  1  2  3  4  5  6  7 |
---------------+----------------------+-----
Axes           | 2 3 4 5 6 |  6.4
Dodging        | 1 |  1.1
Fighting       | 4 |  4.1
Shields        | 6 |  6.2
Armour         | |  3.2

Action                     |  1- 3 |  4- 6 |  7- 9 || total
---------------------------+-------+-------+-------++-------
  Melee: War axe           |    72 |   198 |    49 ||   319
    Use: Scroll            |     2 |     5 |       ||     7
         Potion            |       |     1 |       ||     1
 Armour: Scale mail        |    34 |       |       ||    34
         Ring mail         |     5 |    80 |       ||    85
         Chain mail        |       |       |    33 ||    33
  Dodge: Dodged            |    34 |    61 |    18 ||   113
  Block: Buckler           |    15 |    49 |       ||    64
         Kite shield       |       |       |    66 ||    66
         Reflection        |       |       |     5 ||     5

Table legend:
 A = Non-vault XP
 B = Vault XP
 C = Vault XP percentage of total XP
 D = Non-vault monster count
 E = Vault monster count
 F = Vault count percentage of total count
                 A         B        C        D         E       F
            +---------+---------+-------+---------+---------+-------
      Total |     919 |     356 |  27.9 |      97 |      14 |  12.6
            +---------+---------+-------+---------+---------+-------
        D:1 |      63 |       0 |   0.0 |      30 |       0 |   0.0
        D:2 |      52 |      35 |  40.2 |      18 |      11 |  37.9
        D:3 |     168 |      36 |  17.6 |      14 |       1 |   6.7
        D:4 |     248 |     138 |  35.8 |      24 |       1 |   4.0
        D:5 |     388 |     147 |  27.5 |      11 |       1 |   8.3
            +---------+---------+-------+---------+---------+-------
